 Dungeon Crawl Stone Soup version 0.18.1-50-g88ac8fd (webtiles) character file.

215 MorganBlackhand the Magician (level 5, 0/33 HPs)
             Began as a High Elf Wizard on Oct 15, 2016.
             Killed from afar by an orc wizard (4 damage)
             ... with a puff of flame
             ... on level 3 of the Dungeon on Oct 16, 2016.
             The game lasted 01:00:55 (3339 turns).

MorganBlackhand the Magician (High Elf Wizard)      Turns: 3339, Time: 01:00:56

Health: 0/33       AC:  3    Str:  6    XL:     5   Next: 60%
Magic:  8/13       EV: 13    Int: 22    God:
Gold:   167        SH:  0    Dex: 14    Spells: 3 memorised, 8 levels left

rFire  . . .     SeeInvis .     t - +3 dagger (drain)
rCold  . . .     Gourm    .     a - +0 robe
rNeg   . . .     Faith    +     (no shield)
rPois  .         Spirit   .     b - +0 hat
rElec  .         Dismiss  .     (no cloak)
rCorr  +         Reflect  .     y - +0 pair of gloves
SustAt .         Harm     .     (no boots)
MR     .....                    e - amulet of faith
Stlth  ++........               (no ring)
                                G - ring of resist corrosion

@: not resistant to hostile enchantments, unstealthy
A: no striking features
a: no special abilities


You were on level 3 of the Dungeon.
You were hungry.

You visited 1 branch of the dungeon, and saw 3 of its levels.

You collected 167 gold pieces.

Inventory:

Hand Weapons
 n - a +0 whip
 o - a +0 mace
 p - a +0 club
 t - a +3 dagger of draining (weapon)
 A - a +0 mace
 B - a +0 short sword
 D - a +0 short sword
 J - a +0 spear
Missiles
 i - 34 sling bullets
 m - 68 stones (quivered)
 x - 9 poisoned needles
 E - 21 arrows
Armour
 a - a +0 robe (worn)
 b - a +0 hat (worn)
 f - a +0 ring mail
 h - a +0 leather armour
 j - a +0 robe
 l - a +0 pair of boots
 v - a +0 ring mail
 y - a +0 pair of gloves (worn)
 C - a +0 leather armour
Jewellery
 e - an amulet of faith (around neck)
 G - a ring of resist corrosion (left hand)
Scrolls
 r - 2 scrolls of teleportation
 s - a scroll of fog {unknown}
 u - a scroll of enchant weapon
 H - a scroll of fear
Potions
 w - a potion of might {unknown}
 z - a potion of lignification
Books
 c - a book of Minor Magic

   Spells                             Type                      Level
   a - Magic Dart                     Conjuration                  1
   b - Blink                          Translocation                2
   c - Call Imp                       Summoning                    2
   d - Repel Missiles                 Charms/Air                   2
   e - Slow                           Hexes                        2
   f - Conjure Flame                  Conjuration/Fire             3
   g - Mephitic Cloud                 Conjuration/Poison/Air       3
Comestibles
 d - 3 bread rations
 g - 2 fruits
 k - 3 meat rations
 F - a slice of pizza
 I - 2 chunks of flesh


   Skills:
 + Level 1.1 Fighting
 + Level 0.5 Short Blades
 + Level 0.4 Throwing
 + Level 3.4 Dodging
 + Level 2.7 Stealth
 + Level 5.4 Spellcasting
 + Level 2.6 Conjurations
   Level 0.8 Summonings
   Level 1.1 Translocations
 + Level 0.2 Fire Magic


You had 8 spell levels left.
You knew the following spells:

 Your Spells              Type           Power        Failure   Level  Hunger
a - Magic Dart            Conj           ###.         3%          1    None
b - Slow                  Hex            #.......     17%         2    None
c - Conjure Flame         Conj/Fire      ##......     17%         3    ##.....


Dungeon Overview and Level Annotations

Branches:
Dungeon (3/15)

Altars:


Message History

The orc wizard hits you with a dagger.
* * * LOW HITPOINT WARNING * * *
The orc barely misses you.
The orc wizard gestures wildly while chanting.
The orc wizard seems to speed up.
The orc wizard hits you but does no damage.
The orc wizard miscasts a cantrip.
The orc hits you but does no damage. The orc wizard barely misses you.
The orc wizard mumbles some strange words.
The orc wizard flickers and vanishes!
Deactivating autopickup; reactivate with Ctrl-A.
The orc wizard casts a spell at you. The puff of frost hits you!
* * * LOW HITPOINT WARNING * * *
The orc wizard barely misses you.
The orc wizard hits you but does no damage.
The orc wizard casts a spell at you. The puff of flame hits you!
You die...

...####........##...###.#######
##..######........### #.#
###...######..#.### ###.# #
###...#.....#.#####...# #
#.......###.........### ##..
#.###..###.......#######....# #
####.......##.#.###o.....#
#####..#..#####.#.oo..o.####
##....###.##....@..####....###
...#### #....##.#### ####...#
..## #...# #..## ###.### ###
####..####..# #...#
.........##.##### ###.## ##
###.........########<.#
#.###.###.......###..
#.......#######......
######...# #######


You could see an orc wizard and 3 orcs.

Vanquished Creatures
  The ghost of ciphuk the Poker, an amateur MfSk (D:3)
  6 adders
  2 worms (D:2)
  A dart slug (D:2)
  3 giant geckos
  2 orcs (D:3)
  3 giant cockroaches
  9 goblins
  9 hobgoblins
  3 jackals (D:3)
  8 kobolds
  A quokka (D:2)
  2 ball pythons
  9 bats
  6 giant newts
  4 rats
69 creatures vanquished.

Notes
Turn   | Place    | Note
--------------------------------------------------------------
     0 | D:1      | MorganBlackhand the High Elf Wizard began the quest for the Orb.
     0 | D:1      | Reached XP level 1. HP: 11/11 MP: 6/6
   225 | D:1      | Reached skill level 4 in Spellcasting
   330 | D:1      | Reached XP level 2. HP: 7/17 MP: 5/8
  1279 | D:1      | Learned a level 2 spell: Slow
  1606 | D:1      | Reached XP level 3. HP: 21/21 MP: 5/9
  2572 | D:2      | Reached XP level 4. HP: 27/27 MP: 6/11
  2861 | D:2      | Reached skill level 5 in Spellcasting
  2866 | D:2      | Learned a level 3 spell: Conjure Flame
  2928 | D:3      | Noticed ciphuk's ghost (amateur MfSk)
  2968 | D:3      | Killed ciphuk's ghost
  2968 | D:3      | Reached skill level 1 in Fighting
  2968 | D:3      | Reached XP level 5. HP: 3/33 MP: 2/13
  3339 | D:3      | Killed from afar by an orc wizard

Skill      XL: |  1  2  3  4 |
---------------+-------------+-----
Spellcasting   | 4 5 |  5.4
Conjurations   | 2 |  2.6
Fighting       | 1 |  1.1
Dodging        | 3 |  3.4
Short Blades   | |  0.5
Throwing       | |  0.4
Stealth        | |  2.7
Summonings     | |  0.8
Translocations | |  1.1
Fire Magic     | |  0.2

Action                   |  1- 3 |  4- 6 || total
-------------------------+-------+-------++-------
Melee: Whip              |     8 |       ||     8
       Club              |     5 |       ||     5
       Short sword       |    30 |     9 ||    39
       Dagger            |       |    38 ||    38
Throw: Stone             |    10 |     4 ||    14
 Cast: Magic Dart        |   124 |    52 ||   176
       Slow              |     4 |       ||     4
       Conjure Flame     |       |     4 ||     4
  Use: Potion            |     2 |     9 ||    11
       Scroll            |     2 |     6 ||     8
  Eat: Chunk             |     5 |     2 ||     7
Armor: Robe              |    15 |     6 ||    21
       Skin              |       |    13 ||    13
Dodge: Dodged            |    52 |    43 ||    95
